 Dungeon Crawl Stone Soup version 0.20.1-1-g8b1a95d (webtiles) character file.

7667 t3hbunneh the Fighter (level 10, -10/86 HPs)
             Began as a Demonspawn Fighter on Oct 26, 2017.
             Was a Priest of Dithmenos.
             Mangled by a two-headed ogre
             ... wielding a +0 giant spiked club
              (12 damage)
             ... on level 10 of the Dungeon.
             The game lasted 00:50:28 (13233 turns).

t3hbunneh the Fighter (Demonspawn Fighter)         Turns: 13233, Time: 00:50:29

Health: -10/86     AC: 19    Str: 22    XL:     10   Next: 99%
Magic:  10/10      EV:  8    Int: 12    God:    Dithmenos [***...]
Gold:   354        SH:  9    Dex: 12    Spells: 9/9 levels left

rFire    + . .     SeeInvis .   a - +0 long sword
rCold    + + .     Gourm    .   c - +0 shield
rNeg     . . .     Faith    .   z - +2 plate armour
rPois    .         Spirit   .   (helmet restricted)
rElec    .         Reflect  .   (no cloak)
rCorr    .         Harm     .   (no gloves)
MR       .....     Clarity  +   (no boots)
Stlth    ..........             (no amulet)
Regen    0.3/turn               k - ring of stealth
MPRegen  0.2/turn               d - ring of protection from cold

@: wreathed by umbra
A: antennae 1, talons 1, molten scales 2, clarity, clever 1, cold resistance 1,
demonic guardian 1, fire resistance 1, mutation resistance 1, nightstalker 2,
sense surroundings 1, strong 1, subdued magic 1
a: Shadow Step, Renounce Religion


You were on level 10 of the Dungeon.
You worshipped Dithmenos.
Dithmenos was most pleased with you.
You were very hungry.

You visited 2 branches of the dungeon, and saw 11 of its levels.

You collected 354 gold pieces.

Inventory:

Hand Weapons
 a - a +0 long sword (weapon)
Missiles
 e - 201 stones (quivered)
Armour
 b - a +1 scale mail
 c - a +0 shield (worn)
 z - a +2 plate armour (worn)
Jewellery
 d - a ring of protection from cold (right hand)
 k - a ring of stealth (left hand)
 r - a cursed ring of teleportation
 y - a +3 ring of protection {unknown}
 A - an uncursed ring of ice
Wands
 m - a wand of polymorph (13/24)
 u - a wand of polymorph (5/24)
 w - a wand of lightning (2/15)
Scrolls
 h - 5 scrolls of identify
 i - a scroll of fog
 t - a scroll of magic mapping
 x - a scroll of recharging
 B - 2 scrolls of remove curse
Potions
 l - a potion of lignification
 n - 2 potions of degeneration
 o - a potion of resistance
 s - a potion of haste
Books
 q - the Handbook of Doomed Augmentations
   (You found it on level 6 of the Dungeon)

   Spells                             Type                      Level
   a - Infusion                       Charms                       1
   b - Pain                           Necromancy                   1
   c - Shroud of Golubria             Charms/Translocation         2
   d - Regeneration                   Charms/Necromancy            3
   e - Iskenderun's Battlesphere      Conjuration/Charms           5
   f - Agony                          Necromancy                   5
 v - a book of Callings

   Spells                             Type                      Level
   a - Summon Small Mammal            Summoning                    1
   b - Call Imp                       Summoning                    2
   c - Call Canine Familiar           Summoning                    3
   d - Summon Guardian Golem          Hexes/Summoning              3
   e - Summon Lightning Spire         Summoning/Air                4
   f - Summon Ice Beast               Ice/Summoning                4
Comestibles
 f - a bread ration
 p - 5 meat rations


   Skills:
 + Level 10.5 Fighting
 - Level 3.8 Long Blades
   Level 3.9 Bows
 + Level 10.3 Armour
 * Level 7.7 Dodging
 - Level 0.2 Stealth
 - Level 2.7 Shields
 + Level 0.8 Evocations


You had 9 spell levels left.
You didn't know any spells.

Dungeon Overview and Level Annotations

Branches:
Dungeon (10/15)            Temple (1/1) D:5            Lair (0/6) D:8
    Orc: D:9-12

Altars:
Ashenzari
Cheibriados
Dithmenos
Elyvilon
Fedhas
Gozag
Hepliaklqana
Kikubaaqudgha
Makhleb
Nemelex Xobeh
Okawaru
Qazlal
Ru
Sif Muna
Trog
Uskayaw
Vehumet
Xom
Yredelemnul
Zin
The Shining One

Shops:
D:9 *

Annotations:
D:4 Edmund


Innate Abilities, Weirdness & Mutations

You have sharp toenails.
You are mostly covered in molten scales. (AC +3)
A weak demonic guardian rushes to your aid.
You are significantly more attuned to the shadows.
You have a pair of small antennae on your head.
You possess an exceptional clarity of mind.
Your mind is acute. (Int +2)
Your flesh is cold resistant. (rC+)
Your flesh is heat resistant. (rF+)
You are somewhat resistant to further mutation.
You passively map a small area around you.
Your muscles are strong. (Str +2)
Your spells are a little easier to cast, but a little less powerful.


Message History

The two-headed ogre hits you with a giant spiked club.
The two-headed ogre hits you with a giant spiked club!!
* * * LOW HITPOINT WARNING * * *
You feel better.
You hit the two-headed ogre.
You claw the two-headed ogre, but do no damage.
The two-headed ogre is moderately wounded.
The two-headed ogre barely misses you. x2
You hit the two-headed ogre.
You claw the two-headed ogre, but do no damage.
The two-headed ogre is moderately wounded.
The two-headed ogre hits you with a giant spiked club!!
* * * LOW HITPOINT WARNING * * *
The two-headed ogre hits you with a giant spiked club!
* * * LOW HITPOINT WARNING * * *
Okay, then.
Your white imp hits the two-headed ogre.
Your white imp freezes the two-headed ogre.
The two-headed ogre hits you with a giant spiked club!
You die...

* *, * #..# * *
#..# , #..# ,.# *
* #..# ..# * #..#
..#
,####..######..##
,
........†.5.....,
,
........5O......
, *
####......@....#
#...........#
#...........# ,
#...........# *
..........# *
..........# , , ,
, * *


You could see a two-headed ogre, a friendly iron imp and a friendly white imp.

Vanquished Creatures
  A two-headed ogre (D:8)
  Pikel (D:9)
  A centaur skeleton (D:9)
  A hornet (D:6)
  2 wyverns
  3 yaks (D:10)
  Duvessa (D:7)
  4 orc warriors
  A slave (D:9)
  4 sky beasts (D:8)
  2 ice beasts (D:9)
  9 ogres
  A phantom (D:8)
  A black bear (D:7)
  A big kobold (D:8)
  3 bullfrogs
  A scorpion (D:9)
  7 wights
  4 howler monkeys
  5 crimson imps
  A quasit (D:7)
  A centaur zombie (D:8)
  2 bullfrog zombies
  2 jellies
  2 orc priests (D:9)
  7 hounds
  3 iguanas
  4 orc wizards
  Natasha (thrice) (D:3 D:5)
  7 worker ants
  3 hound zombies
  4 hound skeletons
  A howler monkey skeleton (D:9)
  16 adders
  4 gnolls (D:7)
  3 shadow imps (D:5)
  An ooze (D:3)
  3 adder skeletons
  A worm (D:2)
  2 dart slugs
  4 leopard geckos
  24 orcs
  2 ball pythons
  4 bats
  10 giant cockroaches
  5 hobgoblins
  12 kobolds
  2 quokkas
  4 frilled lizards
  6 goblins
  A jackal skeleton (D:7)
  A jackal zombie (D:5)
  2 leopard gecko zombies
  3 rats
203 creatures vanquished.

Vanquished Creatures (collateral kills)
  An orc warrior (D:7)
  A black bear (D:7)
  A sky beast (D:7)
  Dowan (D:7)
  2 orc wizards (D:7)
  A shadow imp (D:7)
  An orc (D:9)
8 creatures vanquished.

Vanquished Creatures (others)
  A quokka (D:7)
1 creature vanquished.

Grand Total: 212 creatures vanquished

Notes
Turn   | Place    | Note
-------+----------+-------------------------------------------
     0 | D:1      | t3hbunneh the Demonspawn Fighter began the quest for the Orb.
     0 | D:1      | Reached XP level 1. HP: 18/18 MP: 1/1
   334 | D:1      | Gained mutation: You have sharp toenails. [demonic ancestry]
   334 | D:1      | Reached XP level 2. HP: 24/24 MP: 2/2
   929 | D:2      | Found a sparkling altar of Nemelex Xobeh.
  1132 | D:2      | Reached XP level 3. HP: 28/29 MP: 3/3
  1376 | D:2      | Gained mutation: You are weak. (Str -2) [potion of mutation]
  1376 | D:2      | Gained mutation: You have a pair of small antennae on your head. [potion of mutation]
  1376 | D:2      | Gained mutation: You are robust. (+10% HP) [potion of mutation]
  1802 | D:3      | Noticed Natasha
  1810 | D:3      | Killed Natasha
  1829 | D:3      | Gained mutation: You are partially covered in molten scales. (AC +2) [demonic ancestry]
  1829 | D:3      | Reached XP level 4. HP: 27/40 MP: 4/4
  1851 | D:3      | Noticed an ogre
  1866 | D:3      | Killed an ogre
  1866 | D:3      | Reached XP level 5. HP: 38/47 MP: 5/5
  2017 | D:3      | Found a basalt altar of Yredelemnul.
  2091 | D:3      | Found a sacrificial altar of Ru.
  2094 | D:3      | Found a snail-covered altar of Cheibriados.
  2180 | D:3      | Found a deep blue altar of Sif Muna.
  2798 | D:4      | Gained mutation: You are slightly more attuned to the shadows. [demonic ancestry]
  2798 | D:4      | Reached XP level 6. HP: 37/55 MP: 6/6
  2833 | D:4      | Reached skill level 5 in Fighting
  3285 | D:4      | Lost mutation: You are weak. (Str -2) [potion of mutation]
  3285 | D:4      | Lost mutation: You have a pair of small antennae on your head. [potion of mutation]
  3285 | D:4      | Lost mutation: You are robust. (+10% HP) [potion of mutation]
  3285 | D:4      | Gained mutation: You are agile. (Dex +2) [potion of mutation]
  3285 | D:4      | Gained mutation: You are very agile. (Dex +4) [potion of mutation]
  3891 | D:4      | Noticed Edmund
  4161 | D:5      | Entered Level 5 of the Dungeon
  4259 | D:5      | Found a blossoming altar of Fedhas.
  4297 | D:5      | Reached XP level 7. HP: 56/56 MP: 7/7
  4305 | D:5      | Found a blossoming altar of Fedhas.
  4456 | D:5      | Noticed Natasha
  4464 | D:5      | Killed Natasha
  4547 | D:5      | Found a staircase to the Ecumenical Temple.
  4556 | Temple   | Entered the Ecumenical Temple
  4962 | Temple   | Became a worshipper of Dithmenos the Shadowed
  5011 | D:5      | Noticed Natasha
  5029 | D:5      | Killed Natasha
  5029 | D:5      | Reached skill level 5 in Armour
  5157 | D:5      | Found an ancient bone altar of Kikubaaqudgha.
  5212 | D:5      | Found a bloodstained altar of Trog.
  5276 | D:5      | Reached skill level 1 in Dodging
  5340 | D:5      | Noticed a wyvern
  5340 | D:5      | a centaur changed into a wyvern
  5352 | D:5      | Killed a wyvern
  6280 | D:6      | Gained mutation: You are significantly more attuned to the shadows. [demonic ancestry]
  6280 | D:6      | Reached XP level 8. HP: 53/64 MP: 8/8
  6348 | D:6      | Found a radiant altar of Vehumet.
  6374 | D:6      | Reached * piety under Dithmenos
  6686 | D:6      | Gained mutation: A weak demonic guardian rushes to your aid. [demonic ancestry]
  6686 | D:6      | Reached XP level 9. HP: 76/76 MP: 9/9
  7277 | D:7      | Found a shimmering altar of Xom.
  7696 | D:7      | Noticed Duvessa
  7697 | D:7      | Noticed Dowan
  7710 | D:7      | Killed Duvessa
  7714 | D:7      | Killed Dowan
  8238 | D:7      | Found a white marble altar of Elyvilon.
  8359 | D:7      | Found a shimmering altar of Xom.
  8359 | D:7      | Found a shimmering altar of Xom.
  8741 | D:6      | Reached ** piety under Dithmenos
  8808 | D:6      | Identified the Handbook of Doomed Augmentations
  8828 | D:6      | Lost mutation: You are very agile. (Dex +4) [potion of mutation]
  8828 | D:6      | Lost mutation: You are agile. (Dex +2) [potion of mutation]
  8828 | D:6      | Gained mutation: You have a pair of small antennae on your head. [potion of mutation]
  8828 | D:6      | Gained mutation: You are agile. (Dex +2) [potion of mutation]
  8828 | D:6      | Gained mutation: Your flesh is cold resistant. (rC+) [potion of mutation]
  8934 | D:6      | Paralysed by a hornet for 1 turns
  9600 | D:8      | Reached XP level 10. HP: 84/84 MP: 10/10
  9882 | D:8      | Found a sacrificial altar of Ru.
  9899 | D:8      | Noticed a two-headed ogre
  9944 | D:8      | Killed a two-headed ogre
  9979 | D:7      | Reached skill level 10 in Fighting
 10415 | D:8      | Found a staircase to the Lair.
 10449 | D:8      | Gained mutation: Your flesh is heat resistant. (rF+) [mutagenic meat]
 10450 | D:8      | Lost mutation: You are agile. (Dex +2) [mutagenic meat]
 10451 | D:8      | Gained mutation: You have a pair of antennae on your head. [mutagenic meat]
 10452 | D:8      | Gained mutation: You possess an exceptional clarity of mind. [mutagenic meat]
 10455 | D:8      | Gained mutation: You are mostly covered in molten scales. (AC +3) [mutagenic meat]
 10483 | D:8      | Found a stormy altar of Qazlal.
 10500 | D:8      | Gained mutation: Your spells are a little easier to cast, but a little less powerful. [mutagenic meat]
 10501 | D:8      | Gained mutation: Your muscles are strong. (Str +2) [mutagenic meat]
 10502 | D:8      | Gained mutation: Your mind is acute. (Int +2) [mutagenic meat]
 10763 | D:8      | Lost mutation: You have a pair of antennae on your head. [mutagenic meat]
 10765 | D:8      | Gained mutation: Armour fits poorly on your strangely shaped body. [mutagenic meat]
 10766 | D:8      | Gained mutation: You passively map a small area around you. [mutagenic meat]
 10928 | D:8      | Lost mutation: Armour fits poorly on your strangely shaped body. [mutagenic meat]
 10931 | D:8      | Gained mutation: You are somewhat resistant to further mutation. [mutagenic meat]
 11758 | D:9      | Reached *** piety under Dithmenos
 12000 | D:9      | Reached skill level 10 in Armour
 12045 | D:9      | Found Zytott's Changing Room.
 12338 | D:9      | Noticed Pikel
 12349 | D:9      | Killed Pikel
 13189 | D:10     | Entered Level 10 of the Dungeon
 13189 | D:10     | Noticed a two-headed ogre
 13231 | D:10     | HP: 2/86 [two-headed ogre/giant spiked club (10)]
 13233 | D:10     | Mangled by a two-headed ogre

Skill      XL: |  1  2  3  4  5  6  7  8  9 10 |
---------------+-------------------------------+-----
Long Blades    | 2 3 |  3.8
Fighting       | 4 5 6 9 10 | 10.5
Armour         | 3 4 6 8 9 10 | 10.3
Dodging        | 1 6 7 |  7.7
Bows           | 3 |  3.9
Stealth        | |  0.2
Shields        | |  2.7
Evocations     | |  0.8

Action                   |  1- 3 |  4- 6 |  7- 9 | 10-12 || total
-------------------------+-------+-------+-------+-------++-------
Melee: Long sword        |    85 |   146 |   332 |   361 ||   924
       Kick              |    15 |    49 |   140 |   153 ||   357
Evoke: Wand              |       |       |     2 |     2 ||     4
  Use: Potion            |     7 |     2 |    11 |     3 ||    23
       Scroll            |     6 |     2 |    12 |     3 ||    23
 Stab: Sleeping          |       |       |     1 |       ||     1
  Eat: Chunk             |     2 |     8 |     7 |    21 ||    38
       Bread ration      |       |       |     3 |     1 ||     4
       Royal jelly       |       |       |       |     1 ||     1
       Fruit             |       |       |       |     1 ||     1
Armor: Scale mail        |    24 |    81 |   114 |       ||   219
       Plate armour      |       |       |    58 |   201 ||   259
Dodge: Dodged            |    17 |    35 |   169 |   145 ||   366
Block: Shield            |    50 |    68 |   189 |   181 ||   488
       Rpst.: Long sword |     7 |    20 |    46 |    46 ||   119
